Map: King's Cove LE

Players

PeLLy - Winner!

  • Race: Zerg Zerg
  • League: Diamond
  • Spawn Location: 11:00

Schliff

  • Race: Protoss Protoss
  • Spawn Location: 5:00

VOD

Have the link to the VOD?

Description

Time

  • Played on: Aug. 10, 2019, 4:55 a.m.
  • Length: 10:17
Show
View Real Time Build Order
Export as new Build Order

PeLLy Zerg - Winner!

Build Orders: Hatch First 

Get SALT Encoding   

  12  0:00  Drone  
  13  0:10  Drone  
  14  0:15  Extractor  
  14  0:16  Drone  
  15  0:26  Overlord  
  15  0:45  Drone x2  
  17  0:59  Drone  
  17  1:00  Hatchery  
  17  1:14  Spawning Pool  
  17  1:16  Drone  
  17  1:21  Drone  
  18  1:27  Overlord  
  18  1:58  Drone  
  18  2:00  Queen  
  21  2:02  Drone  
  21  2:05  Hatchery  
  21  2:06  Drone  
  22  2:14  Drone, Extractor x2  
  21  2:22  Queen  
  21  2:26  Drone  
  24  2:42  Spine Crawler  
  23  2:47  Drone  
  24  2:52  Drone x3  
  27  3:00  Roach Warren  
  26  3:09  Spine Crawler  
  25  3:13  Drone  
  26  3:20  Drone x3  
  26  3:23  Drone  
  30  3:31  Spine Crawler  
  29  3:42  Roach x2  
  29  3:45  Overlord  
  33  3:48  Drone  
  33  3:51  Drone  
  35  4:07  Queen  
  35  4:09  Drone x3  
  40  4:37  Roach  
  40  4:38  Roach  
  44  4:43  Overlord x3  
  44  4:50  Spore Crawler  
  43  4:59  Drone  
  44  5:01  Overlord  
  44  5:06  Hatchery  
  43  5:18  Lair  
  43  5:21  Drone, Spore Crawler  
  42  5:22  Drone x4  
  45  5:36  Drone x3  
  45  5:37  Drone x3  
  53  5:42  Roach  
  53  5:46  Roach  
  53  5:47  Roach  
  53  5:48  Roach  
  59  5:52  Extractor  
  59  5:53  Extractor  
  57  5:58  Metabolic Boost  
  57  6:03  Roach  
  57  6:04  Roach x2  
  63  6:05  Roach  
  65  6:12  Queen  
  67  6:27  Evolution Chamber x2  
  67  6:31  Drone x5  
  70  6:34  Roach x3  
  70  6:37  Glial Reconstitution  
  76  6:50  Queen  
  76  6:52  Queen  
  80  6:54  Drone  
  81  7:09  Overlord x2  
  81  7:10  Overlord  
  81  7:11  Zerg Missile Weapons Level 1  
  81  7:17  Drone, Baneling Nest  
  81  7:24  Hydralisk Den  
  81  7:28  Spore Crawler  
  81  7:29  Spore Crawler  
  78  7:31  Drone  
  78  7:32  Drone x2  
  81  7:49  Overlord  
  81  7:53  Hydralisk x4  
  81  7:56  Grooved Spines  
  89  7:59  Zerg Melee Weapons Level 1  
  89  8:02  Overlord  
  89  8:05  Drone  
  90  8:12  Drone x4  
  94  8:16  Centrifical Hooks  
  94  8:23  Overseer x2  
  94  8:24  Pneumatized Carapace  
  94  8:28  Spore Crawler  
  93  8:34  Hydralisk x2  
  93  8:38  Zergling x4  
  99  8:47  Drone x6  
  105  9:06  Hydralisk  
  105  9:07  Hydralisk x5  
  113  9:16  Hydralisk  
  113  9:17  Hydralisk x2  
  85  9:24  Spore Crawler  
  84  9:26  Spore Crawler  
  84  9:29  Hydralisk x2  
  84  9:30  Hydralisk  
  89  9:44  Spore Crawler  
  89  9:45  Spore Crawler  
  85  9:49  Hydralisk  
  85  9:50  Hydralisk x4  
Show
View Real Time Build Order
Export as new Build Order

Schliff Protoss 

Build Orders:  

Get SALT Encoding   

  12  0:00  Probe  
  13  0:16  Pylon  
  13  0:27  Probe  
  14  0:39  Forge, Probe  
  15  0:51  Probe  
  16  1:03  Probe  
  17  1:05  Assimilator  
  17  1:15  Probe  
  17  1:16  Pylon  
  18  1:24  Pylon, Probe  
  18  1:32  Probe  
  19  1:39  Photon Cannon  
  20  1:41  Probe  
  21  1:53  Probe  
  22  1:55  Gateway  
  22  2:06  Probe  
  22  2:07  Photon Cannon  
  23  2:15  Photon Cannon  
  23  2:25  Probe  
  24  2:33  Assimilator, Probe  
  25  2:48  Pylon  
  25  2:51  Zealot  
  27  2:59  Cybernetics Core  
  27  3:00  Probe  
  28  3:13  Pylon  
  28  3:30  Pylon  
  28  3:47  Stargate  
  28  3:48  Stargate  
  28  3:52  Stalker  
  30  4:00  Shield Battery  
  30  4:01  Shield Battery  
  30  4:18  Photon Cannon x2  
  30  4:22  Stalker  
  32  4:49  Robotics Facility  
  32  4:52  Stalker  
  34  4:55  Void Ray  
  34  4:57  Void Ray  
  42  5:15  Pylon  
  42  5:17  Pylon  
  40  5:48  Observer  
  41  5:53  Void Ray  
  45  6:06  Void Ray  
  49  6:14  Nexus  
  49  6:36  Void Ray  
  53  7:09  Protoss Air Weapons Level 1  
  53  7:23  Assimilator  
  53  7:24  Probe, Void Ray  
  53  7:25  Assimilator  
  58  7:32  Probe  
  59  7:42  Probe  
  59  7:49  Void Ray  
  64  7:54  Probe  
  65  8:03  Nexus  
  65  8:06  Probe  
  65  8:09  Assimilator  
  66  8:12  Assimilator  
  66  8:15  Void Ray  
  70  8:21  Observer  
  71  8:48  Cybernetics Core  
  71  8:51  Pylon  
  71  8:59  Twilight Council  
  61  10:00  Pylon  
Tags
 
Add a new tag
Caveats
  • Supply blocks, unpowered buildings, or Contaminate may cause inaccurate times.
  • Supply counts are checked every 10 seconds.